 Dungeon Crawl Stone Soup version 0.24-a0-179-g7a2c91a (webtiles) character file.

Game seed: 4311918055619351847

1371 galech the Chopper (level 8, 0/61 HPs)
             Began as a Demonspawn Fighter on Mar 13, 2019.
             Slain by Grinder (6 damage)
             ... on level 6 of the Dungeon.
             The game lasted 00:05:47 (4926 turns).

galech the Chopper (Demonspawn Fighter)             Turns: 4926, Time: 00:05:47

Health: 0/61       AC: 13    Str: 17    XL:     8   Next: 38%
Magic:  0/8        EV:  5    Int:  9    God:
Gold:   347        SH:  9    Dex: 15    Spells: 7/7 levels left

rFire    . . .     SeeInvis .   a - +1 war axe
rCold    . . .     Gourm    .   c - +0 shield
rNeg     . . .     Faith    .   n - +0 chain mail
rPois    .         Spirit   +   q - +0 helmet
rElec    .         Reflect  .   m - scarf {Spirit}
rCorr    .         Harm     .   (no gloves)
MR       .....     Rnd*Tele +   (no boots)
Stlth    ..........             (no amulet)
HPRegen  0.20/turn              w - ring of teleportation (curse)
MPRegen  0.11/turn              (no ring)

@: lightly drained
A: talons 2, molten scales 1, spiny 1
a: no special abilities


You were on level 6 of the Dungeon.
You were not hungry.

You visited 1 branch of the dungeon, and saw 6 of its levels.

You collected 347 gold pieces.

Inventory:

Hand Weapons
 a - a +1 war axe (weapon)
Armour
 c - a +0 shield (worn)
 m - a scarf of spirit shield (worn)
 n - a +0 chain mail (worn)
 q - a +0 helmet (worn)
Jewellery
 w - a cursed ring of teleportation (left hand)
Wands
 b - a wand of paralysis (4)
Scrolls
 i - 3 scrolls of enchant armour
 l - 3 scrolls of amnesia
 o - 2 scrolls of teleportation
 p - a scroll of blinking
 t - a scroll of immolation
Potions
 d - 4 potions of might
 g - a potion of haste {unknown}
 j - a potion of degeneration {unknown}
 k - a potion of agility {unknown}
 r - a potion of heal wounds {unknown}
 s - a potion of resistance {unknown}
 v - a potion of berserk rage
Comestibles
 f - 9 rations
 h - 5 chunks of flesh


   Skills:
 + Level 4.7(4.5) Fighting
 + Level 6.7(6.5) Axes
 + Level 5.1(5.0) Armour
 + Level 0.8(0.6) Dodging
 + Level 0.2(0.0) Stealth
 + Level 4.5(4.3) Shields


You had 7 spell levels left.
You didn't know any spells.
Your spell library contained the following spells:

 Spells                   Type           Power        Failure   Level  Hunger
 Beastly Appendage        Tmut           #.....       100%        1    ##.....
 Sticks to Snakes         Tmut           #.......     100%        2    ###....
 Spider Form              Tmut/Pois      #.........   100%        3    ####...
 Ice Form                 Ice/Tmut       #.......     100%        4    #####..
 Blade Hands              Tmut           #.........   100%        5    ######.


Dungeon Overview and Level Annotations

Branches:
Dungeon (6/15)
 Temple: D:4-7

Altars:
Cheibriados
Gozag
Hepliaklqana
Okawaru
Ru
Uskayaw
Wu Jian
The Shining One

Shops:
D:5 :=(

Annotations:
D:6 Grinder


Innate Abilities, Weirdness & Mutations

You have razor-sharp toenails.
You are partially covered in molten scales. (AC +2)
You are partially covered in sharp spines.


Message History

Grinder hits you.
* * * LOW HITPOINT WARNING * * *
You writhe in agony.
* * * LOW HITPOINT WARNING * * *
You are too injured to fight recklessly!
You hit Grinder but do no damage. Your kick misses Grinder.
Grinder is heavily wounded.
You block Grinder's attack.
Your shield and chain mail prevent you from hitting Grinder.
Grinder is heavily wounded.
You block Grinder's attack. Grinder is struck by your spines.
Grinder completely misses you.
You closely miss Grinder. Your kick misses Grinder.
Grinder is heavily wounded.
Grinder gestures at you. Pain shoots through your body!
* * * LOW HITPOINT WARNING * * *
Unknown command.
You feel better. Grinder is struck by your spines. Grinder hits you!
You die...

#+#
#.##.##.#
#.......#
####.####
##.#.#
####....#
+.......#
####....#
##.#.#
###@#
#.5.#
#.### #.
#


You could see Grinder.

Vanquished Creatures
  Menkaure (D:4)
  Duvessa (D:5)
  2 ogres
  A centaur (D:5)
  A wyvern zombie (D:4)
  Dowan (D:5)
  A scorpion (D:4)
  A water moccasin zombie (D:4)
  2 killer bees (D:6)
  A howler monkey (D:6)
  A bullfrog zombie (D:5)
  3 hounds
  An orc priest (D:3)
  Jessica (D:2)
  Ijyb (D:3)
  An iguana (D:4)
  4 worker ants
  A hound zombie (D:6)
  A hound skeleton (D:4)
  9 adders
  3 worms
  7 leopard geckos
  6 orcs
  2 ball pythons
  3 bats (D:2)
  4 giant cockroaches
  8 goblins
  8 hobgoblins
  3 frilled lizards
  7 kobolds
  A leopard gecko skeleton (D:5)
  9 rats
96 creatures vanquished.

Vanquished Creatures (others)
  A sky beast (D:5)
1 creature vanquished.

Grand Total: 97 creatures vanquished

Notes
Turn   | Place    | Note
-------+----------+-------------------------------------------
     0 | D:1      | galech the Demonspawn Fighter began the quest for the Orb.
     0 | D:1      | Reached XP level 1. HP: 18/18 MP: 1/1
   181 | D:1      | Gained mutation: You are partially covered in sharp spines.
                  | [demonic ancestry]
   181 | D:1      | Reached XP level 2. HP: 22/24 MP: 2/2
   376 | D:1      | Reached skill level 2 in Axes
   983 | D:2      | Reached XP level 3. HP: 18/29 MP: 3/3
  1256 | D:2      | Noticed Jessica
  1262 | D:2      | Killed Jessica
  1266 | D:2      | Gained mutation: You have sharp toenails. [demonic
                  | ancestry]
  1266 | D:2      | Reached XP level 4. HP: 30/35 MP: 4/4
  1340 | D:2      | Reached skill level 3 in Axes
  2031 | D:3      | Reached XP level 5. HP: 24/41 MP: 2/5
  2196 | D:3      | Noticed Ijyb
  2204 | D:3      | Killed Ijyb
  2622 | D:4      | Reached skill level 4 in Axes
  2622 | D:4      | Reached XP level 6. HP: 28/47 MP: 2/6
  2926 | D:4      | HP: 2/47 [wyvern zombie (8)]
  3439 | D:4      | Noticed Menkaure
  3448 | D:4      | Killed Menkaure
  3448 | D:4      | Gained mutation: You have razor-sharp toenails. [demonic
                  | ancestry]
  3448 | D:4      | Reached XP level 7. HP: 27/53 MP: 4/7
  3627 | D:4      | Found a snail-covered altar of Cheibriados.
  3651 | D:4      | Found an ornate altar of the Wu Jian Council.
  3722 | D:4      | Reached skill level 5 in Axes
  3930 | D:5      | Entered Level 5 of the Dungeon
  3930 | D:5      | Found Marrouq's Book Emporium.
  3931 | D:5      | Found a hazy altar of Hepliaklqana.
  3981 | D:5      | Found Meliedak's Jewellery Boutique.
  3983 | D:5      | Found Ivibo's Weapon Boutique.
  4034 | D:5      | Noticed Duvessa
  4035 | D:5      | Noticed Dowan
  4044 | D:5      | Killed Duvessa
  4048 | D:5      | Killed Dowan
  4283 | D:5      | Found a hide-covered altar of Uskayaw.
  4283 | D:5      | Found a sacrificial altar of Ru.
  4289 | D:5      | Reached skill level 6 in Axes
  4289 | D:5      | Gained mutation: You are partially covered in molten
                  | scales. (AC +2) [demonic ancestry]
  4289 | D:5      | Reached XP level 8. HP: 47/61 MP: 4/8
  4294 | D:5      | Found an opulent altar of Gozag.
  4294 | D:5      | Found an iron altar of Okawaru.
  4601 | D:6      | Found a glowing golden altar of the Shining One.
  4605 | D:6      | Reached skill level 5 in Armour
  4906 | D:6      | Noticed Grinder
  4915 | D:6      | Paralysed by Grinder for 5 turns
  4925 | D:6      | HP: 1/61 [Grinder/nerve-wracking pain (13)]
  4926 | D:6      | Slain by Grinder

Levels and vault maps discovered:
D:1:      ncdulo_wetmaze, layout_basic
D:2:      layout_loops_ring, uniq_jessica
D:3:      layout_rooms, uniq_ijyb
D:4:      layout_loops_cross, kennysheep_mini, cheibriados_altar_1,
          uniq_menkaure
D:5:      layout_loops_ring, overflow_temple_1_default,
          grunt_temple_overflow_open, serial_shops, shop, shop,
          nicolae_shop_waterfront, first_ration, uniq_duvessa
D:6:      layout_loops_corners, old_standard_altar, minmay_temple_entry_glass,
          uniq_pikel, uniq_grinder, uniq_sigmund

Skill      XL: |  1  2  3  4  5  6  7  8 |
---------------+-------------------------+-----
Axes           | 2 3 4 6 |  6.7
Armour         | 3 4 5 |  5.1
Shields        | 3 4 |  4.5
Fighting       | 4 |  4.7
Dodging        | |  0.8
Stealth        | |  0.2

Action                   |  1- 3 |  4- 6 |  7- 9 || total
-------------------------+-------+-------+-------++-------
Melee: War axe           |    56 |   123 |   105 ||   284
       Kick              |       |    41 |    20 ||    61
  Use: Potion            |       |     3 |     1 ||     4
       Scroll            |       |       |     6 ||     6
  Eat: Chunk             |       |     8 |     5 ||    13
Armor: Scale mail        |    23 |     8 |       ||    31
       Chain mail        |       |    26 |    54 ||    80
Dodge: Dodged            |    16 |    18 |    22 ||    56
Block: Shield            |    21 |    69 |    55 ||   145

Table legend:
 A = Non-vault XP
 B = Vault XP
 C = Vault XP percentage of total XP
 D = Non-vault monster count
 E = Vault monster count
 F = Vault count percentage of total count
                 A         B        C        D         E       F
            +---------+---------+-------+---------+---------+-------
      Total |    1485 |     474 |  24.2 |      92 |       5 |   5.2
            +---------+---------+-------+---------+---------+-------
        D:1 |      31 |       0 |   0.0 |      17 |       0 |   0.0
        D:2 |      89 |      37 |  29.4 |      26 |       1 |   3.7
        D:3 |      81 |      36 |  30.8 |      15 |       1 |   6.2
        D:4 |     549 |     169 |  23.5 |      14 |       1 |   6.7
        D:5 |     343 |     232 |  40.3 |      12 |       2 |  14.3
        D:6 |     392 |       0 |   0.0 |       8 |       0 |   0.0
            +---------+---------+-------+---------+---------+-------
